 Dungeon Crawl Stone Soup version 0.31-a0-934-gf4fcaacff8 (webtiles) character file.

Game seed: 14124561592592144410

121 BinkBink the Shield-Bearer (level 5, -13/44 (47) HPs)
             Began as a Gnoll Fighter on Oct 20, 2023.
             Mangled by an ogre
             ... wielding a +0 giant spiked club
              (20 damage)
             ... on level 3 of the Dungeon.
             The game lasted 00:02:47 (1765 turns).

BinkBink the Shield-Bearer (Gnoll Fighter)          Turns: 1765, Time: 00:02:48

HP:   -13/44 (47)   AC: 10    Str: 18    XL:     5   Next: 5%
MP:   7/7           EV:  8    Int:  7    God:
Gold: 118           SH:  9    Dex: 11    Spells: 6/6 levels left

rFire   . . .        a - +0 war axe
rCold   . . .        m - +0 kite shield
rNeg    . . .        b - +0 scale mail
rPois   .            k - +1 helmet
rElec   .            (no cloak)
rCorr   .            (no gloves)
SInv    .            (no boots)
Will    .....        (no amulet) Stlth
                     l - ring of flight
HPRegen 0.27/turn    (no ring)
MPRegen 0.10/turn

%: no passive effects
@: flying, drained
A: fangs 1, strong nose, distributed training
a: no special abilities


You were on level 3 of the Dungeon.
You visited 1 branch of the dungeon, and saw 3 of its levels.

You collected 118 gold pieces.

Inventory:

Hand Weapons
 a - a +0 war axe (weapon)
Armour
 b - a +0 scale mail (worn)
 k - a +1 helmet (worn)
 m - a +0 kite shield (worn)
Jewellery
 l - a ring of flight (left hand)
Scrolls
 c - 2 scrolls of revelation {unknown}
 e - a scroll of blinking {unknown}
 f - a scroll of immolation {unknown}
 h - a scroll of torment {unknown}
Potions
 d - a potion of might
 g - a potion of heal wounds {unknown}
 i - 2 potions of curing {unknown}
 j - a potion of degeneration {unknown}
 n - a potion of lignification {unknown}


   Skills:
 + Level 6.6 Fighting
 + Level 1.3 Short Blades
 + Level 1.3 Long Blades
 + Level 4.7 Axes
 + Level 1.3 Maces & Flails
 + Level 1.3 Polearms
 + Level 1.3 Staves
 + Level 1.3 Ranged Weapons
 + Level 1.3 Throwing
 + Level 6.6 Armour
 + Level 1.3 Dodging
 + Level 1.3 Stealth
 + Level 6.6 Shields
 + Level 1.3 Unarmed Combat
 + Level 1.3 Spellcasting
 + Level 1.1 Conjurations
 + Level 1.1 Hexes
 + Level 1.1 Summonings
 + Level 1.1 Necromancy
 + Level 1.1 Translocations
 + Level 1.1 Transmutations
 + Level 1.1 Fire Magic
 + Level 1.1 Ice Magic
 + Level 1.1 Air Magic
 + Level 1.1 Earth Magic
 + Level 1.1 Poison Magic
 + Level 1.5 Invocations
 + Level 1.3 Evocations
 + Level 1.2 Shapeshifting


You had 6 spell levels left.
You didn't know any spells.
Your spell library contained the following spells:

 Spells                   Type           Power      Damage    Failure   Level
 Apportation              Tloc           4%         N/A       86%         1
 Sting                    Tmut/Pois      8%         1d3       86%         1
 Jinxbite                 Hex            4%         N/A       95%         2
 Poisonous Vapours        Pois/Air       4%         N/A       95%         2
 Ozocubu's Armour         Ice            2%         N/A       99%         3
 Olgreb's Toxic Radiance  Pois           2%         N/A       100%        4
 Alistair's Intoxication  Tmut/Pois      1%         N/A       100%        5
 Metabolic Englaciation   Hex/Ice        1%         N/A       100%        5
 Simulacrum               Ice/Necr       1%         N/A       100%        6


Dungeon Overview and Level Annotations

Branches:
Dungeon (3/15)

Altars:


Innate Abilities, Weirdness & Mutations

You have very sharp teeth.
Your uncanny sense of smell can sniff out nearby items.
Your experience applies equally to all skills.


Message History

You barely miss the giant cockroach. You block the giant cockroach's attack.
The giant cockroach barely misses you.
You closely miss the giant cockroach. You block the giant cockroach's attack.
The giant cockroach closely misses you.
You closely miss the giant cockroach. You block the giant cockroach's attack.
You hit the giant cockroach.
The giant cockroach is severely wounded.
You block the giant cockroach's attack. The giant cockroach barely misses you.
You closely miss the giant cockroach.
The giant cockroach is severely wounded.
The giant cockroach barely misses you. You block the giant cockroach's attack.
You slash the giant cockroach!
You kill the giant cockroach!
No target in view!
No target in view!
A giant cockroach comes into view.
A giant cockroach is nearby!
A giant cockroach is nearby!
An ogre comes into view. It is wielding a +0 giant spiked club.
The ogre shouts!
You hear a shout!
You slash the giant cockroach!
You kill the giant cockroach!
You barely miss the ogre. You bite the ogre.
The ogre is lightly wounded.
The ogre hits you with a +0 giant spiked club!
You hit the ogre.
The ogre is lightly wounded.
You block the ogre's attack.
You barely miss the ogre.
The ogre is lightly wounded.
You block the ogre's attack.
You slash the ogre!
The ogre is severely wounded.
The ogre hits you with a +0 giant spiked club!!
Ouch! That really hurt!
* * * LOW HITPOINT WARNING * * *
You slash the ogre!
The ogre is almost dead.
The ogre hits you with a +0 giant spiked club!!
You die...

.##.# #..#
#.# ###..#
##.## #.#
#..###..#
#.# ...#.##
#.# ##.#.#
#.#
#...#####†##
##.....##..#
##.##...#.#
#..####..@#
#.## ###O#
#. #.# #.
#.# #. #.#
.. ... # ...
..#


You could see an ogre.

Vanquished Creatures
  4 adders
  An adder zombie (D:2)
  A worm (D:2)
  A dart slug (D:1)
  An orc (D:3)
  3 ball pythons
  2 bats (D:2)
  3 bat skeletons (D:2)
  5 endoplasms
  6 giant cockroaches
  7 goblins
  9 hobgoblins
  2 jackals (D:2)
  4 quokkas
  A ball python zombie (D:2)
  A frilled lizard (D:1)
  9 kobolds
  A quokka skeleton (D:2)
  A quokka zombie (D:2)
  9 rats
71 creatures vanquished.

Notes
Turn   | Place    | Note
-------+----------+-------------------------------------------
     0 | D:1      | BinkBink the Gnoll Fighter began the quest for the Orb.
     0 | D:1      | Reached XP level 1. HP: 23/23 MP: 1/1
   143 | D:1      | Reached XP level 2. HP: 26/29 MP: 2/2
   310 | D:1      | Found a faded altar of an unknown god.
   365 | D:1      | Reached XP level 3. HP: 35/35 MP: 3/3
   754 | D:2      | Reached skill level 1 in Invocations
   866 | D:2      | Reached skill level 1 in Short Blades
   866 | D:2      | Reached skill level 1 in Long Blades
   866 | D:2      | Reached skill level 1 in Maces & Flails
   866 | D:2      | Reached skill level 1 in Polearms
   866 | D:2      | Reached skill level 1 in Staves
   866 | D:2      | Reached skill level 1 in Ranged Weapons
   866 | D:2      | Reached skill level 1 in Throwing
   866 | D:2      | Reached skill level 1 in Dodging
   866 | D:2      | Reached skill level 1 in Stealth
   866 | D:2      | Reached skill level 1 in Unarmed Combat
   866 | D:2      | Reached skill level 1 in Spellcasting
   866 | D:2      | Reached skill level 1 in Evocations
   960 | D:2      | Reached XP level 4. HP: 40/41 MP: 5/5
   969 | D:2      | Reached skill level 1 in Shapeshifting
  1211 | D:2      | Reached skill level 1 in Conjurations
  1211 | D:2      | Reached skill level 1 in Hexes
  1211 | D:2      | Reached skill level 1 in Summonings
  1211 | D:2      | Reached skill level 1 in Necromancy
  1211 | D:2      | Reached skill level 1 in Translocations
  1211 | D:2      | Reached skill level 1 in Transmutations
  1211 | D:2      | Reached skill level 1 in Fire Magic
  1211 | D:2      | Reached skill level 1 in Ice Magic
  1211 | D:2      | Reached skill level 1 in Air Magic
  1211 | D:2      | Reached skill level 1 in Earth Magic
  1211 | D:2      | Reached skill level 1 in Poison Magic
  1654 | D:3      | Reached XP level 5. HP: 42/43 MP: 5/7
  1757 | D:3      | Noticed an ogre
  1765 | D:3      | Mangled by an ogre

Illustrated notes

Levels and vault maps discovered:
D:1:      dpeg_arrival_houses_and_road, layout_basic,
          shapermc_ecumenical_altar_starsandcircs
D:2:      layout_loops_ring, serial_undead, serial_undead_f, serial_undead_a,
          serial_undead_b, serial_undead_f, hangedman_abyss_or_decor_stabs,
          minmay_crystal_room, minmay_pentomino_v4
D:3:      layout_rooms, nicolae_dithmenos_the_darkroom

Skill      XL: |  1  2  3  4 |
---------------+-------------+-----
Invocations    | 1 |  1.5
Short Blades   | 1 |  1.3
Long Blades    | 1 |  1.3
Maces & Flails | 1 |  1.3
Polearms       | 1 |  1.3
Staves         | 1 |  1.3
Ranged Weapons | 1 |  1.3
Throwing       | 1 |  1.3
Dodging        | 1 |  1.3
Stealth        | 1 |  1.3
Unarmed Combat | 1 |  1.3
Spellcasting   | 1 |  1.3
Evocations     | 1 |  1.3
Shapeshifting  | 1 |  1.2
Conjurations   | 1 |  1.1
Hexes          | 1 |  1.1
Summonings     | 1 |  1.1
Necromancy     | 1 |  1.1
Translocations | 1 |  1.1
Transmutations | 1 |  1.1
Fire Magic     | 1 |  1.1
Ice Magic      | 1 |  1.1
Air Magic      | 1 |  1.1
Earth Magic    | 1 |  1.1
Poison Magic   | 1 |  1.1
Fighting       | |  6.6
Axes           | |  4.7
Armour         | |  6.6
Shields        | |  6.6

Action                     |  1- 3 |  4- 6 || total
---------------------------+-------+-------++-------
  Melee: War axe           |    84 |   115 ||   199
         Bite              |     5 |     7 ||    12
 Armour: Scale mail        |    52 |    67 ||   119
  Dodge: Dodged            |    43 |    49 ||    92
  Block: Buckler           |    22 |    12 ||    34
         Kite shield       |       |    44 ||    44

Table legend: (Time is in decaauts)
 A = Elapsed time spent in this place.
 B = Non-inter-level travel time spent in this place.
 C = Inter-level travel time spent in this place.
 D = Time resting spent in this place.
 E = Time spent auto-exploring this place.
 F = Levels seen in this place.
 G = Mean time per level.
                   A        B        C        D        E       F      G
               +--------+--------+--------+--------+--------+-----+--------+
         Total |   1832 |   1776 |     56 |      0 |   1278 |   3 |  610.7 |
       Dungeon |   1832 |   1776 |     56 |      0 |   1278 |   3 |  610.7 |
               +--------+--------+--------+--------+--------+-----+--------+

Top non-repeatable levels by time:
     D:2: 773 daAuts
     D:1: 712 daAuts
     D:3: 347 daAuts
